 Dungeon Crawl Stone Soup version 0.22-a0-412-g2b68d14 (webtiles) character file.

387 galech the Twirler (level 6, -10/53 HPs)
             Began as a Gnoll Wanderer on May 12, 2018.
             Mangled by an ice beast (11 damage)
             ... on level 5 of the Dungeon.
             The game lasted 00:07:06 (3461 turns).

galech the Twirler (Gnoll Wanderer)                 Turns: 3461, Time: 00:07:07

Health: -10/53     AC:  9    Str: 13    XL:     6   Next: 78%
Magic:  0/9        EV:  7    Int: 16    God:
Gold:   258        SH:  0    Dex: 16    Spells: 9/9 levels left

rFire    . . .     SeeInvis .   e - +2 spear (flame)
rCold    . . .     Gourm    .   (no shield)
rNeg     . . .     Faith    .   i - +0 chain mail (curse)
rPois    .         Spirit   +   (no helmet)
rElec    .         Reflect  .   o - +0 cloak (curse)
rCorr    .         Harm     .   (no gloves)
MR       .....                  (no boots)
Stlth    ..........             l - amulet of guardian spirit
HPRegen  0.17/turn              (no ring)
MPRegen  0.11/turn              (no ring)

@: no status effects
A: distributed training, fangs 1, strong nose
a: no special abilities


You were on level 5 of the Dungeon.
You were not hungry.

You visited 1 branch of the dungeon, and saw 5 of its levels.

You collected 258 gold pieces.

Inventory:

Hand Weapons
 c - a +0 quarterstaff
 e - a +2 spear of flaming (weapon)
Armour
 i - a cursed +0 chain mail (worn)
 n - a cursed +1 leather armour
 o - a cursed +0 cloak (worn)
Jewellery
 l - an amulet of guardian spirit (around neck)
Wands
 a - a wand of enslavement (15)
Scrolls
 d - 2 scrolls of identify
 k - 2 scrolls of blinking
Potions
 b - 2 potions of lignification
 g - a potion of curing
 m - 2 potions of brilliance {unknown}
 p - a potion of degeneration {unknown}
 q - a potion of haste {unknown}
 r - a potion of resistance {unknown}
 s - a potion of agility {unknown}
 t - a potion of flight {unknown}
Comestibles
 f - a ration


   Skills:
 + Level 6.9 Fighting
 + Level 2.1 Short Blades
 + Level 2.1 Long Blades
 + Level 2.1 Axes
 + Level 2.1 Maces & Flails
 + Level 2.1 Polearms
 + Level 6.9 Staves
 + Level 2.1 Slings
 + Level 2.1 Bows
 + Level 2.1 Crossbows
 + Level 2.1 Throwing
 + Level 2.1 Armour
 + Level 3.3 Dodging
 + Level 3.1 Stealth
 + Level 2.1 Shields
 + Level 2.1 Unarmed Combat
 + Level 2.1 Spellcasting
 + Level 1.6 Conjurations
 + Level 1.6 Hexes
 + Level 1.6 Charms
 + Level 1.6 Summonings
 + Level 1.6 Necromancy
 + Level 1.6 Translocations
 + Level 1.6 Transmutations
 + Level 1.6 Fire Magic
 + Level 1.6 Ice Magic
 + Level 1.6 Air Magic
 + Level 1.6 Earth Magic
 + Level 1.6 Poison Magic
 + Level 2.3 Invocations
 + Level 5.0 Evocations


You had 9 spell levels left.
You didn't know any spells.
Your spell library was empty.

Dungeon Overview and Level Annotations

Branches:
Dungeon (5/15)
 Temple: D:4-7

Altars:

Shops:
D:5 =

Annotations:
D:4 Dowan, Duvessa


Innate Abilities, Weirdness & Mutations

Your experience applies equally to all skills.
You have very sharp teeth.
Your uncanny sense of smell can sniff out nearby items.


Message History

The ice beast is heavily wounded.
The ice beast hits you but does no damage.
You completely miss the ice beast. Your bite misses the ice beast.
The ice beast is heavily wounded.
The ice beast hits you but does no damage.
Your chain mail prevents you from hitting the ice beast.
The ice beast is heavily wounded.
The ice beast hits you.
* * * LOW HITPOINT WARNING * * *
The ice beast freezes you!
* * * LOW HITPOINT WARNING * * *
You hit the ice beast but do no damage.
The ice beast is heavily wounded.
The ice beast completely misses you.
You hit the ice beast but do no damage.
The ice beast is heavily wounded.
The ice beast hits you.
* * * LOW HITPOINT WARNING * * *
The ice beast freezes you!
You die...

############
#..........#
#.########.###
#.# #...# #@#
###.# #Y# #.#
... #.# ##.##
#.# ... #.#
#?# #.# ...
#.##### #..
..######......
..............


You could see an ice beast.

Vanquished Creatures
  A hungry ghost (D:5)
  The ghost of galech the Poker, an amateur GnWn (D:3)
  A hound (D:5)
  An orc wizard (D:4)
  3 adders
  A worm (D:3)
  2 dart slugs (D:2)
  3 leopard geckos
  3 orcs (D:4)
  A ball python (D:5)
  3 giant cockroaches
  7 goblins
  6 hobgoblins
  2 jackals (D:1)
  7 kobolds
  2 quokkas
  9 bats
  5 frilled lizards
  A quokka skeleton (D:5)
  7 rats
66 creatures vanquished.

Vanquished Creatures (others)
  2 orc wizards (D:4)
  4 orcs (D:4)
6 creatures vanquished.

Grand Total: 72 creatures vanquished

Notes
Turn   | Place    | Note
-------+----------+-------------------------------------------
     0 | D:1      | galech the Gnoll Wanderer began the quest for the Orb.
     0 | D:1      | galech set off with: a wand of enslavement (15), a potion of lignification, a +0 quarterstaff, a +0 robe, a ration
     0 | D:1      | Reached XP level 1. HP: 23/23 MP: 3/3
   181 | D:1      | Reached XP level 2. HP: 29/29 MP: 5/5
   915 | D:2      | Reached XP level 3. HP: 25/35 MP: 4/6
  1164 | D:2      | Reached skill level 1 in Invocations
  1342 | D:2      | Reached skill level 1 in Short Blades
  1342 | D:2      | Reached skill level 1 in Long Blades
  1342 | D:2      | Reached skill level 1 in Axes
  1342 | D:2      | Reached skill level 1 in Maces & Flails
  1342 | D:2      | Reached skill level 1 in Polearms
  1342 | D:2      | Reached skill level 1 in Slings
  1342 | D:2      | Reached skill level 1 in Bows
  1342 | D:2      | Reached skill level 1 in Crossbows
  1342 | D:2      | Reached skill level 1 in Throwing
  1342 | D:2      | Reached skill level 1 in Armour
  1342 | D:2      | Reached skill level 1 in Shields
  1342 | D:2      | Reached skill level 1 in Unarmed Combat
  1342 | D:2      | Reached skill level 1 in Spellcasting
  1562 | D:3      | Noticed galech's ghost (amateur GnWn)
  1579 | D:2      | Reached XP level 4. HP: 22/41 MP: 2/7
  1702 | D:3      | Killed galech's ghost
  1702 | D:3      | Reached skill level 1 in Conjurations
  1702 | D:3      | Reached skill level 1 in Hexes
  1702 | D:3      | Reached skill level 1 in Charms
  1702 | D:3      | Reached skill level 1 in Summonings
  1702 | D:3      | Reached skill level 1 in Necromancy
  1702 | D:3      | Reached skill level 1 in Translocations
  1702 | D:3      | Reached skill level 1 in Transmutations
  1702 | D:3      | Reached skill level 1 in Fire Magic
  1702 | D:3      | Reached skill level 1 in Ice Magic
  1702 | D:3      | Reached skill level 1 in Air Magic
  1702 | D:3      | Reached skill level 1 in Earth Magic
  1702 | D:3      | Reached skill level 1 in Poison Magic
  1702 | D:3      | Reached XP level 5. HP: 28/47 MP: 6/8
  2504 | D:4      | Noticed Duvessa
  2505 | D:4      | Noticed Dowan
  2666 | D:4      | Reached XP level 6. HP: 25/53 MP: 7/9
  2923 | D:5      | Entered Level 5 of the Dungeon
  3186 | D:5      | Found Xauchasa's Jewellery Boutique.
  3313 | D:5      | Noticed a hungry ghost
  3336 | D:5      | Killed a hungry ghost
  3336 | D:5      | Reached skill level 5 in Evocations
  3443 | D:5      | Noticed an ice beast
  3461 | D:5      | HP: 1/53 [ice beast (2)]
  3461 | D:5      | Mangled by an ice beast

Vault maps used:
D:1:      kennysheep_arrival_forest
D:4:      lemuel_temple_firewalk_b, first_ration, grunt_decor_fettered,
          uniq_grinder, uniq_duvessa
D:5:      serial_shops, nicolae_shop_trees, uniq_edmund

Skill      XL: |  1  2  3  4  5  6 |
---------------+-------------------+-----
Invocations    | 1 2 |  2.3
Short Blades   | 1 2 |  2.1
Long Blades    | 1 2 |  2.1
Axes           | 1 2 |  2.1
Maces & Flails | 1 2 |  2.1
Polearms       | 1 2 |  2.1
Slings         | 1 2 |  2.1
Bows           | 1 2 |  2.1
Crossbows      | 1 2 |  2.1
Throwing       | 1 2 |  2.1
Armour         | 1 2 |  2.1
Shields        | 1 2 |  2.1
Unarmed Combat | 1 2 |  2.1
Spellcasting   | 1 2 |  2.1
Conjurations   | 1 |  1.6
Hexes          | 1 |  1.6
Charms         | 1 |  1.6
Summonings     | 1 |  1.6
Necromancy     | 1 |  1.6
Translocations | 1 |  1.6
Transmutations | 1 |  1.6
Fire Magic     | 1 |  1.6
Ice Magic      | 1 |  1.6
Air Magic      | 1 |  1.6
Earth Magic    | 1 |  1.6
Poison Magic   | 1 |  1.6
Dodging        | 3 |  3.3
Stealth        | 3 |  3.1
Evocations     | 5 |  5.0
Fighting       | |  6.9
Staves         | |  6.9

Action                   |  1- 3 |  4- 6 || total
-------------------------+-------+-------++-------
Melee: Quarterstaff      |    11 |       ||    11
       Spear             |   107 |   156 ||   263
       Bite              |     9 |     9 ||    18
  Use: Scroll            |     1 |     5 ||     6
       Potion            |       |     3 ||     3
  Eat: Chunk             |     2 |     7 ||     9
       Ration            |       |     3 ||     3
Armor: Robe              |     5 |       ||     5
       Chain mail        |    55 |    82 ||   137
Dodge: Dodged            |    40 |    56 ||    96

Table legend:
 A = Spawn XP
 B = Non-spawn XP
 C = Spawn XP percentage of total XP
 D = Spawn monster count
 E = Non-spawn monster count
 F = Spawn count percentage of total count
 G = Total turns spent on level
                    A         B        C        D         E        F      G
               +---------+---------+-------+---------+---------+-------+---------
         Total |       0 |     553 |   0.0 |       0 |      67 |   0.0 |  3461
               +---------+---------+-------+---------+---------+-------+---------
           D:1 |       0 |      25 |   0.0 |       0 |      16 |   0.0 |   768
           D:2 |       0 |      58 |   0.0 |       0 |      20 |   0.0 |   897
           D:3 |       0 |     156 |   0.0 |       0 |      19 |   0.0 |   787
           D:4 |       0 |      93 |   0.0 |       0 |       7 |   0.0 |   471
           D:5 |       0 |     221 |   0.0 |       0 |       5 |   0.0 |   538
               +---------+---------+-------+---------+---------+-------+---------
